 Dungeon Crawl Stone Soup version 0.31-a0-1278-g11c5b68f87 (webtiles) character file.

Game seed: 2226846727865942999

59256 bmb222 the Brawler (level 14, 0/104 HPs)
             Began as an Octopode Shapeshifter on Dec 17, 2023.
             Was an Initiate of Gozag.
             Slain by a spriggan rider
             ... wielding a +0 spear
              (21 damage)
             ... on level 5 of the Lair of Beasts.
             The game lasted 00:31:45 (20283 turns).

bmb222 the Brawler (Octopode Shapeshifter)         Turns: 20283, Time: 00:31:46

Health: 0/104      AC:  4    Str: 23    XL:     14   Next: 94%
Magic:  14/14      EV: 31    Int: 12    God:    Gozag
Gold:   1682       SH:  5    Dex: 15    Spells: 13/13 levels left

rFire   + .          .
                       - Unarmed
rCold   + . .        (shield currently unavailable)
rNeg    . . .        T - +3 hat of Kunydgh {+Blink Str-4 Slay+3}
rPois   .            e - amulet of reflection
rElec   .            h - +5 ring of evasion
rCorr   .            m - +4 ring of slaying
SInv    .            l - +5 ring of evasion
Will    ++...        q - ring of protection from cold
Stlth   ++           N - ring "Zasiciups" {rF+ Will+ Str+4}
HPRegen 0.37/turn    P - +6 ring of strength
MPRegen 0.14/turn    (no ring)
                     (no ring)

%: reflection
@: flux-form, gold aura, glowing
A: glow, contaminating, almost no armour, amphibious, 8 rings, camouflage 1,
gelatinous body 1, (nimble swimmer 1), tentacles, agile 1
a: Begin Untransformation, Renounce Religion, Evoke Blink, Potion Petition, Call
Merchant, Bribe Branch


You were on level 5 of the Lair of Beasts.
You worshipped Gozag.
Gozag was most pleased with you.
You were something dangerously unstable.
You visited 3 branches of the dungeon, and saw 19 of its levels.
You also visited: Volcano.

You collected 3171 gold pieces.
You spent 130 gold pieces at shops.
You paid 1359 gold pieces to Gozag.

Inventory:

Hand Weapons
 y - a +4 vampiric whip
 R - a +0 hand cannon of flaming
Missiles
 H - 2 throwing nets
Armour
 d - a +0 hat
 j - a +2 hat
 n - an orb of mayhem
 s - a +2 hat
 I - a +0 cloak
 O - a +0 hat of see invisible
 T - the +3 hat of Kunydgh (worn) {+Blink Str-4 Slay+3}
   (You acquired it on level 5 of the Lair of Beasts)

   Str-4:     It affects your strength (-4).
   Slay+3:    It affects your accuracy & damage with ranged weapons and melee
   (+3).
   +Blink:    It lets you blink.
Jewellery
 e - an amulet of reflection (around mantle)
 h - a +5 ring of evasion (left tentacle)
 l - a +5 ring of evasion (on tentacle)
 m - a +4 ring of slaying (right tentacle)
 q - a ring of protection from cold (on tentacle)
 N - the ring "Zasiciups" (on tentacle) {rF+ Will+ Str+4}
   (You bought it in a shop on level 2 of the Lair of Beasts)

   [ring of protection from fire]

   Str+4:     It affects your strength (+4).
   rF+:       It protects you from fire.
   Will+:     It increases your willpower.
 P - a +6 ring of strength (on tentacle)
Talismans
 b - a beast talisman
 c - a flux talisman (active)
Wands
 x - a wand of mindburst (15)
 C - a wand of polymorph (5)
 D - a wand of flame (9) (quivered)
 F - a wand of light (2)
Scrolls
 a - a scroll of butterflies
 f - 3 scrolls of noise
 g - 4 scrolls of amnesia
 r - 3 scrolls of enchant armour
 u - 2 scrolls of vulnerability
 w - 2 scrolls of poison
 z - 3 scrolls of immolation
 B - a scroll of fear
 E - 5 scrolls of identify
 J - 2 scrolls of teleportation
 K - a scroll of enchant weapon
 M - a scroll of blinking
Potions
 i - 7 potions of ambrosia
 k - 3 potions of berserk rage
 o - 2 potions of might
 p - 3 potions of heal wounds
 t - 2 potions of haste
 v - 2 potions of curing
 A - 2 potions of attraction
 G - 2 potions of lignification
 Q - 3 potions of brilliance {unknown}
 S - a potion of invisibility {unknown}
Miscellaneous
 L - a phial of floods


   Skills:
 * Level 12.6 Fighting
 * Level 8.8 Dodging
 - Level 10.3 Stealth
 - Level 0.5 Shields
 + Level 16.7 Unarmed Combat
 + Level 5.0 Evocations
 * Level 10.0 Shapeshifting


You had 13 spell levels left.
You didn't know any spells.
Your spell library contained the following spells:

 Spells                   Type           Power      Damage    Failure   Level
 Freeze                   Ice            0%         1d3       32%         1
 Shock                    Conj/Air       0%         1d3       32%         1
 Slow                     Hex            0%         N/A       32%         1
 Lesser Beckoning         Tloc           0%         N/A       45%         2
 Wereblood                Tmut           0%         N/A       45%         2
 Confusing Touch          Hex            0%         N/A       69%         3
 Frozen Ramparts          Ice            0%         1d1       69%         3
 Gell's Gravitas          Tloc           0%         N/A       69%         3
 Hailstorm                Conj/Ice       0%         3d5       69%         3
 Sigil of Binding         Hex            0%         N/A       69%         3
 Summon Guardian Golem    Hex/Summ       0%         N/A       69%         3
 Swiftness                Air            0%         N/A       69%         3
 Teleport Other           Tloc           0%         N/A       69%         3
 Vampiric Draining        Necr           0%         2d6       69%         3
 Airstrike                Air            0%         2d(0-16)  97%         4
 Irradiate                Conj/Tmut      0%         3d11      100%        5
 Orb of Destruction       Conj           0%         9d5       100%        7
 Spellforged Servitor     Conj/Summ      0%         N/A       100%        7


Dungeon Overview and Level Annotations

Branches:
Dungeon (13/15)            Temple (1/1) D:6            Lair (5/5) D:8
 Shoals (0/4) Lair:3       Spider (0/4) Lair:3        Slime (0/5) Lair:5
    Orc (0/2) D:10        Volcano (visited)
 Vaults: D:13-14

Altars:
Ashenzari
Cheibriados
Dithmenos
Elyvilon
Fedhas
Gozag
Hepliaklqana
Kikubaaqudgha
Makhleb
Nemelex Xobeh
Okawaru
Qazlal
Ru
Sif Muna
Trog
Uskayaw
Vehumet
Wu Jian
Xom
Yredelemnul
Zin
The Shining One
Jiyva

Shops:
D:1 !   Lair:2 *

Portals:
Trove: D:10 (give 3 scrolls of blinking)


Innate Abilities, Weirdness & Mutations

You are something dangerously unstable.
You glow with magical radiation, making you easy to see and hit.
Foes you strike become dangerously contaminated with magical radiation.
You are incapable of wielding weapons or throwing items.
You cannot wear most types of armour.
You are amphibious.
You can wear up to eight rings at the same time.
Your skin changes colour to match your surroundings (Stealth+).
Your rubbery body absorbs attacks. (AC +1, EV +1)
((You are camouflaged when in or above water. (Stealth+)))
You have tentacles for arms and can constrict up to eight enemies at once.
You are agile. (Dex +4, Str/Int -1)


Message History

You hear a shout!
The spriggan misses you.
A spriggan comes into view. It is wielding a +0 rapier.
You tentacle-slap the hornet.
The hornet begins to glow.
You grab the hornet.
The hornet is lightly wounded.
You constrict the hornet. The hornet stings you!
You feel yourself slow down. The spriggan misses you.
You bludgeon the hornet!
The hornet glows dangerously bright.
The hornet is severely wounded.
You feel yourself speed up.
You constrict the hornet. The hornet completely misses you. x2
The spriggan completely misses you.
You tentacle-slap the hornet.
The hornet shudders as magic cascades through it!
You kill the hornet!
A spriggan comes into view. It is wielding a +0 short sword.
The wolf barely misses you.
You bludgeon the spriggan!
You kill the spriggan!
The spriggan rider completely misses you.
The wolf bites you! The wolf misses you.
The spriggan hits you with a +0 rapier.
The spriggan rider completely misses you.
Items here: $ ) [[.
You barely miss the spriggan rider. You grab the spriggan rider.
You squeeze the spriggan rider!
The spriggan rider is lightly wounded.
You constrict the spriggan rider. The wolf bites you!
The spriggan completely misses you.
The spriggan rider hits you with a +0 spear!
* * * LOW HITPOINT WARNING * * *
You block the wolf's attack.
As you read the scroll of fear, it crumbles to dust.
You assume a fearsome visage.
The wolf looks frightened!
The spriggan looks frightened!
The spriggan rider resists with almost no effort.
The spriggan looks frightened!
You constrict the spriggan rider.
The spriggan rider hits you with a +0 spear!!
You die...
Your body crumbles into a pile of gold.

♣..$♣♣♣♣♣$$.♣ ♣.....♣ ♣
♣♣♣...♣♣$$♣♣♣ ♣....$♣ .♣
♣♣♣♣$....♣♣ ♣♣$.♣♣♣ ..♣♣
♣♣.....♣♣♣♣ ♣♣♣
♣...♣♣......♣ ♣♣♣
♣....$.♣..♣ ♣♣....
♣♣♣..$..♣♣♣♣♣ ♣♣♣ii....
♣.....$$.♣♣♣♣♣♣♣h.......
....♣......♣....pi♣
.♣♣♣♣♣♣♣♣♣...$♣♣♣♣♣
♣♣♣♣♣♣


You could see a spriggan rider, 2 spriggans and a wolf (fleeing).

Vanquished Creatures
  Frances (D:13)
  Gastronok (Lair:3)
  Josephine (D:13)
  2 hydras
  The ghost of Ukasumac the Mimic, a journeyman DgSh (Lair:1)
  A catoblepas (Lair:5)
  An ironbound frostheart (D:13)
  3 two-headed ogres
  A hell hog (Volcano)
  Urug (D:11)
  5 death yaks (Lair:4)
  Nergalle (D:11)
  A skeletal warrior (D:13)
  3 lindwurms
  A deep elf pyromancer (D:13)
  5 ugly things
  2 manticores (D:11)
  9 elephants (Lair:3)
  5 black mambas
  8 cane toads
  4 gargoyles
  A torpor snail (Lair:3)
  2 molten gargoyles (Volcano)
  An unseen horror (D:8)
  A freezing wraith (D:13)
  5 rime drakes
  Jeremiah (D:8)
  6 komodo dragons
  A merfolk (Lair:3)
  4 trolls
  9 polar bears
  7 hornets
  26 blink frogs
  4 dream sheep (Lair:5)
  A water elemental (D:12)
  10 spriggans (Lair:5)
  4 vampires
  4 shadows
  4 wyverns
  29 yaks
  4 fire bats
  6 wraiths
  2 humans (D:13)
  A basilisk (Lair:5)
  5 steam dragons
  7 vampire mosquitoes
  Edmund (D:6)
  An acid dragon (D:11)
  15 water moccasins
  2 hell hounds (Volcano)
  3 black bears
  5 orc warriors
  2 ice beasts
  3 boggarts (Lair:5)
  2 centaurs
  A tengu (shapeshifter) (D:13)
  26 wolves
  2 phantoms
  3 kobold brigands
  14 bullfrogs
  8 scorpions
  5 wights (D:7)
  8 killer bees
  3 howler monkeys (D:8)
  5 electric eels (D:12)
  A hound (D:5)
  9 orc priests
  A sleepcap (D:5)
  A gnoll bouda (D:8)
  An iguana (D:7)
  11 orc wizards
  10 adders
  5 gnolls
  2 shadow imps
  2 white imps
  31 orcs
  7 ball pythons
  5 bats
  4 endoplasms
  5 giant cockroaches
  7 goblins
  14 hobgoblins
  3 jackals (D:5)
  2 quokkas (D:2)
  3 frilled lizards
  20 kobolds
  9 rats
  A butterfly (D:6)
465 creatures vanquished.

Notes
Turn   | Place    | Note
-------+----------+-------------------------------------------
     0 | D:1      | bmb222 the Octopode Shapeshifter began the quest for the
                  | Orb.
     0 | D:1      | Reached XP level 1. HP: 13/13 MP: 1/1
    79 | D:1      | Reached XP level 2. HP: 12/18 MP: 2/2
   407 | D:1      | Reached XP level 3. HP: 21/23 MP: 3/3
   407 | D:1      | Found Fieri's Distillery.
  1118 | D:2      | Reached skill level 1 in Stealth
  1255 | D:2      | Reached XP level 4. HP: 28/28 MP: 4/4
  1740 | D:3      | Reached skill level 4 in Unarmed Combat
  2198 | D:4      | Found a shimmering altar of Xom.
  2198 | D:4      | Found a radiant altar of Vehumet.
  2255 | D:4      | Found a glowing golden altar of the Shining One.
  2367 | D:4      | Noticed a hornet
  2377 | D:4      | Killed a hornet
  2378 | D:4      | Reached XP level 5. HP: 33/33 MP: 5/5
  2378 | D:4      | Reached XP level 6. HP: 38/38 MP: 6/6
  2752 | D:4      | Found a basalt altar of Yredelemnul.
  2813 | D:4      | Reached skill level 5 in Unarmed Combat
  2954 | D:4      | Identified a scroll of acquirement
  2958 | D:4      | Acquired a +0 hat
  2998 | D:5      | Entered Level 5 of the Dungeon
  3046 | D:5      | Found a shimmering blue altar of Sif Muna.
  3165 | D:5      | Reached XP level 7. HP: 32/43 MP: 7/7
  3502 | D:5      | Reached skill level 6 in Unarmed Combat
  3828 | D:6      | Found a staircase to the Ecumenical Temple.
  3877 | D:6      | Found a hazy altar of Hepliaklqana.
  3892 | D:6      | Noticed Edmund
  3910 | Temple   | Entered the Ecumenical Temple
  3961 | Temple   | Became a worshipper of Gozag Ym Sagoz the Greedy
  4007 | D:6      | Reached XP level 8. HP: 51/51 MP: 8/8
  4320 | D:6      | Reached skill level 5 in Shapeshifting
  4331 | D:6      | Reached skill level 7 in Unarmed Combat
  4418 | D:6      | Killed Edmund
  5007 | D:7      | Reached XP level 9. HP: 58/58 MP: 9/9
  5196 | D:7      | Reached skill level 8 in Unarmed Combat
  6097 | D:8      | Noticed Jeremiah
  6109 | D:8      | Killed Jeremiah
  6110 | D:8      | Reached skill level 5 in Dodging
  6448 | D:8      | Found a staircase to the Lair.
  6451 | D:8      | Noticed a komodo dragon
  6467 | D:8      | Killed an unseen horror
  6468 | D:8      | Reached skill level 9 in Unarmed Combat
  6581 | D:8      | Reached skill level 5 in Fighting
  6642 | D:8      | Noticed a hornet
  6650 | D:8      | Killed a hornet
  6651 | D:8      | Reached XP level 10. HP: 56/66 MP: 10/10
  7716 | D:9      | Reached skill level 10 in Unarmed Combat
  7886 | D:9      | Paralysed by a hornet for 2 turns
  8227 | D:9      | Noticed a centaur warrior
  8228 | D:9      | Noticed a red ugly thing
  8229 | D:9      | Noticed a centaur warrior
  8229 | D:9      | Noticed a deep elf pyromancer
  8733 | D:10     | Entered Level 10 of the Dungeon
  8738 | D:10     | Found a portal to a secret trove of treasure.
  8782 | D:10     | Reached skill level 11 in Unarmed Combat
  8973 | D:10     | Found a staircase to the Orcish Mines.
  9021 | D:10     | Noticed a two-headed ogre
  9029 | D:10     | Killed a two-headed ogre
  9042 | D:10     | Reached XP level 11. HP: 63/72 MP: 11/11
  9529 | D:10     | Reached skill level 12 in Unarmed Combat
  9941 | D:10     | Gained mutation: You are agile. (Dex +4, Str/Int -1)
                  | [potion of mutation]
  9941 | D:10     | Lost mutation: You are agile. (Dex +4, Str/Int -1) [potion
                  | of mutation]
  9941 | D:10     | Gained mutation: You are agile. (Dex +4, Str/Int -1)
                  | [potion of mutation]
 10197 | D:11     | Noticed Nergalle
 10207 | D:11     | Killed Nergalle
 10327 | D:11     | Noticed a manticore
 10343 | D:11     | Killed a manticore
 10423 | D:11     | Noticed a manticore
 10591 | D:11     | Noticed Urug
 10609 | D:11     | Killed Urug
 10728 | D:11     | Reached skill level 1 in Evocations
 10834 | D:11     | Noticed a green ugly thing
 10841 | D:11     | Killed a purple ugly thing
 11004 | D:11     | Killed a manticore
 11096 | D:12     | Noticed a two-headed ogre
 11132 | D:12     | Killed a two-headed ogre
 11133 | D:12     | Reached XP level 12. HP: 66/85 MP: 12/12
 11596 | D:12     | Reached skill level 10 in Fighting
 11869 | D:12     | Noticed a two-headed ogre
 11875 | D:12     | Killed a two-headed ogre
 12231 | D:13     | Noticed an ironbound frostheart
 12244 | D:13     | Killed an ironbound frostheart
 12376 | D:13     | Noticed Frances
 12404 | D:13     | Killed Frances
 12691 | D:13     | Reached skill level 5 in Stealth
 12779 | D:13     | Noticed Josephine
 12786 | D:13     | Killed Josephine
 12790 | D:13     | Reached skill level 13 in Unarmed Combat
 13148 | Lair:1   | Entered Level 1 of the Lair of Beasts
 13300 | Lair:1   | Reached XP level 13. HP: 96/96 MP: 13/13
 13377 | Lair:1   | Found a runed translucent door.
 13433 | Lair:1   | Reached skill level 5 in Evocations
 13556 | Lair:1   | Noticed Ukasumac's ghost (journeyman DgSh)
 13786 | Lair:1   | Identified the +3 dagger of Breach {vamp, rF- rN++ SInv}
 14582 | Lair:1   | Killed Ukasumac's ghost
 14583 | Lair:1   | Reached skill level 14 in Unarmed Combat
 14667 | Lair:1   | Identified the +1 leather armour of a Million Bounties
                  | {rElec Str+3 Slay-3}
 15066 | Lair:2   | Bought a faintly glowing brass ring for 130 gold pieces
 15066 | Lair:2   | Identified the ring "Zasiciups" {rF+ Will+ Str+4} (You
                  | bought it in a shop on level 2 of the Lair of Beasts)
 16163 | Lair:3   | Found a hole to the Spider Nest.
 16431 | Lair:3   | Reached skill level 15 in Unarmed Combat
 16621 | Lair:3   | Noticed Gastronok
 16632 | Lair:3   | Killed Gastronok
 16727 | Lair:3   | Reached XP level 14. HP: 95/102 MP: 14/14
 17080 | Lair:3   | Found a staircase to the Shoals.
 18533 | Lair:5   | Entered Level 5 of the Lair of Beasts
 18574 | Lair:5   | Found a dark tunnel.
 18584 | Volcano  | Entered a volcano
 18777 | Volcano  | Found a burning altar of Makhleb.
 18789 | Volcano  | Reached skill level 16 in Unarmed Combat
 19319 | Lair:5   | Reached skill level 10 in Stealth
 19469 | Lair:5   | Acquired the +3 hat of Kunydgh {+Blink Str-4 Slay+3}
 19591 | Lair:5   | Found a viscous altar of Jiyva.
 19592 | Lair:5   | Found a staircase to the Slime Pits.
 20207 | Lair:5   | Reached skill level 10 in Shapeshifting
 20283 | Lair:5   | Slain by a spriggan rider

Illustrated notes

Levels and vault maps discovered:
D:1:      lightli_molten_gateway, layout_basic, serial_shops,
          nicolae_shop_industrial_runoff
D:2:      layout_basic, serial_bayou, serial_bayou_lagoon_a,
          serial_bayou_pond_a, serial_bayou_pond_d, serial_bayou_pond_a,
          nicolae_titane
D:3:      layout_basic, interstate_on_off
D:4:      layout_gridville, amcnicky_altar_gilded, mainiacjoe_overflow_alcove_2,
          grunt_temple_overflow_open
D:5:      layout_cave_pools, lemuel_round_altar,
          minmay_a_box_with_orc_wizards_in_it
D:6:      layout_gridville, mainiacjoe_overflow_concentric_impassable,
          minmay_temple_entry_butterflies, uniq_edmund
D:7:      layout_cave_pods
D:8:      layout_basic, david_lair_shrubbed, serial_aquarium,
          aquarium_bridge_square [aquarium_subvault_bridge,
          aquarium_subvault_wall, aquarium_subvault_bridge,
          aquarium_subvault_wall], aquarium_window_fake, aquarium_window_corner,
          aquarium_view_2c, uniq_jeremiah
D:9:      minmay_the_grid_triangle_9x9_recursive_2_mashed
          [minmay_the_grid_triangle_9x9_prize_top_heavy,
          minmay_the_grid_triangle_9x9_warning,
          minmay_the_grid_triangle_9x9_shrine,
          minmay_the_grid_triangle_9x9_cache], layout_loops_ring
D:10:     layout_cave_pools, erik_orc_4, enter_trove_1, grunt_decor_clamped,
          minmay_circle_x
D:11:     layout_roguey, st_stairs_13, uniq_nergalle, uniq_urug
D:12:     layout_basic, nicolae_concentric_dashed_squares_wild
D:13:     layout_loops_ring, hellmonk_vaults_keyhole, uniq_frances,
          uniq_josephine, uniq_snorg
Temple:   nicolae_temple_bog_church
Lair:1:   layout_small_grid, gammafunk_ghost_grave, minmay_stone_trees_medium,
          infiniplex_staircase_pool
Lair:2:   wad_woods_04, layout_chaotic_city, cheibrodos_lair_lostbears,
          lemuel_fruit_tree
Lair:3:   layout_roguey, mainiacjoe_shoals_entry_four_pools,
          nicolae_spider_entry_non_spiders, uniq_gastronok
Lair:4:   layout_layer_cave, infiniplex_staircase_pool_2
Lair:5:   minmay_lair_end_enchanted_forest, layout_regular_city, slime_entry_1,
          nicolae_volcano_entry_batcave, chequers_serial_rivers_micro_e,
          grunt_megastairs_1, lemuel_fruit_fields

Skill      XL: |  1  2  3  4  5  6  7  8  9 10 11 12 13 14 |
---------------+-------------------------------------------+-----
Stealth        | 1 4 5 9 10 | 10.3
Unarmed Combat | 4 5 6 7 9 11 12 13 15 16 | 16.7
Shapeshifting  | 4 5 6 8 9 10 | 10.0
Fighting       | 2 3 5 6 9 11 12 | 12.6
Dodging        | 3 4 5 7 8 |  8.8
Evocations     | 1 4 5 |  5.0
Shields        | |  0.5

Action                     |  1- 3 |  4- 6 |  7- 9 | 10-12 | 13-15 || total
---------------------------+-------+-------+-------+-------+-------++-------
  Melee: Unarmed           |    86 |    75 |   180 |   427 |   616 ||  1384
         Constrict         |    21 |    17 |    37 |    65 |   119 ||   259
         Tentacles         |    13 |    11 |    36 |   122 |   160 ||   342
         Punch             |       |    10 |     9 |     2 |       ||    21
 Invoke: Potion Petition   |       |       |       |     1 |     1 ||     2
         Call Merchant     |       |       |       |       |     1 ||     1
  Evoke: Wand              |       |       |     2 |    14 |       ||    16
    Use: Potion            |       |     3 |     3 |     6 |       ||    12
         Scroll            |       |     8 |     1 |    10 |     2 ||    21
   Stab: Sleeping          |     3 |     5 |     2 |     9 |     7 ||    26
         Distracted        |       |     1 |     1 |     3 |     7 ||    12
         Invisible         |       |       |       |     3 |       ||     3
 Armour: Skin              |    40 |     5 |    80 |    80 |   114 ||   319
  Dodge: Dodged            |    53 |    50 |   169 |   286 |   440 ||   998
  Block: Other             |     9 |     9 |    38 |    61 |    99 ||   216
         Reflection        |       |     2 |       |     6 |     2 ||    10
   Form: Flux              |       |       |       |     1 |       ||     1

Table legend: (Time is in decaauts)
 A = Elapsed time spent in this place.
 B = Non-inter-level travel time spent in this place.
 C = Inter-level travel time spent in this place.
 D = Time resting spent in this place.
 E = Time spent auto-exploring this place.
 F = Levels seen in this place.
 G = Mean time per level.
                   A        B        C        D        E       F      G
               +--------+--------+--------+--------+--------+-----+--------+
         Total |  19990 |  19242 |    748 |   4259 |  11498 |  20 |  999.5 |
       Dungeon |  12948 |  12367 |    581 |   3316 |   6955 |  13 |  996.0 |
        Temple |     68 |     51 |     17 |      0 |      0 |   1 |   68.0 |
          Lair |   6321 |   6172 |    149 |    673 |   4396 |   5 | 1264.2 |
       Volcano |    651 |    651 |      0 |    269 |    147 |   1 |  651.0 |
               +--------+--------+--------+--------+--------+-----+--------+

Top non-repeatable levels by time:
     D:8: 1697 daAuts
  Lair:1: 1620 daAuts
     D:7: 1530 daAuts
    D:10: 1300 daAuts
  Lair:3: 1270 daAuts
  Lair:4: 1254 daAuts
  Lair:2: 1145 daAuts
     D:6: 1098 daAuts
    D:12: 1079 daAuts
  Lair:5: 1029 daAuts
    D:11: 992 daAuts
     D:1: 870 daAuts
     D:9: 838 daAuts
     D:4: 820 daAuts
     D:2: 803 daAuts
